 Dungeon Crawl Stone Soup version 0.23.2-1-ga50397a (webtiles) character file.

Game seed: 7266237280416881541

168283 doot the Impaler (level 17, -7/138 HPs)
             Began as a Merfolk Gladiator on Apr 26, 2019.
             Was the Champion of Makhleb.
             Mangled by a spark wasp (15 damage)
             ... on level 4 of the Spider Nest.
             The game lasted 01:33:05 (25634 turns).

doot the Impaler (Merfolk Gladiator)               Turns: 25634, Time: 01:33:07

Health: -7/138     AC:  7    Str: 18    XL:     17   Next: 64%
Magic:  27/27      EV: 23    Int:  8    God:    Makhleb [******]
Gold:   1292       SH:  0    Dex: 22    Spells: 19/30 levels left

rFire    + + .     SeeInvis .   a - +8 glaive of Foul Odors {chop, rF+ rC+}
rCold    + + .     Gourm    +   (shield currently unavailable)
rNeg     + + .     Faith    .   G - +1 leather armour "Qocunat" {rPois Regen+ rCorr}
rPois    +         Spirit   .   (helmet restricted)
rElec    .         Reflect  .   e - scarf {rC+ rF+}
rCorr    +         Harm     .   o - +0 pair of gloves
MR       +....     Rnd*Rage +   J - +0 pair of boots "Kireuq" {rN+ Dex+4}
Stlth    +++++.....             h - amulet of the gourmand
HPRegen  1.13/turn              r - +4 ring of slaying
MPRegen  0.20/turn              p - ring of Spontaneous Combustion {rCorr rN+ Slay+5}

@: no status effects
A: change form in water, swift swim, stealthy swim, antennae 1, berserk 1,
regeneration 1
}: 1/15 runes: gossamer
a: Minor Destruction, Lesser Servant of Makhleb, Major Destruction, Greater
Servant of Makhleb, Renounce Religion


You were on level 4 of the Spider Nest.
You worshipped Makhleb.
Makhleb was exalted by your worship.
You were not hungry.

You visited 3 branches of the dungeon, and saw 25 of its levels.
You also visited: Gauntlet and Ice Cave.

You collected 2330 gold pieces.
You spent 1038 gold pieces at shops.

Inventory:

Hand Weapons
 a - the +8 glaive of Foul Odors (weapon) {chop, rF+ rC+}
   (You bought it in a shop on level 15 of the Dungeon)

   It inflicts extra damage upon your enemies.
   It protects you from fire.
   It protects you from cold.
 b - the +4 arbalest of the Asp {elec, +Inv rC- Dex+2}
   (You found it on level 13 of the Dungeon)

   It charges the ammunition it shoots with electricity; occasionally upon a
   hit, such missiles may discharge and cause terrible harm.
   It affects your dexterity (+2).
   It makes you vulnerable to cold.
   It lets you turn invisible.
 k - a +2 demon trident of draining
 w - the +3 spear "Beetlebane" {freeze, rElec rN+}
   (You bought it in a shop on level 4 of the Dungeon)

   It has been specially enchanted to freeze those struck by it, causing extra
   injury to most foes and up to half again as much damage against particularly
   susceptible opponents.
   It can also slow down cold-blooded creatures.
   It insulates you from electricity.
   It protects you from negative energy.
 Y - the +11 halberd of Ashenzari's Regard {drain, rF- rC++ MR+++ SInv}
   (You found it on level 4 of the Dungeon)

   A truly terrible weapon, it drains the life of those it strikes.
   It makes you vulnerable to fire.
   It greatly protects you from cold.
   It affects your resistance to hostile enchantments.
   It lets you see invisible.
Missiles
 d - 5 throwing nets (quivered)
 C - 16 bolts
Armour
 e - a scarf of resistance (worn)
 o - a +0 pair of gloves (worn)
 u - the +2 buckler of Impermeability {rF+ Str+5}
   (You found it on level 6 of the Lair of Beasts)

   It affects your strength (+5).
   It protects you from fire.
 z - the +3 warlock's mirror {reflect}
   (You took it off a minotaur in a Gauntlet)
 G - the +1 leather armour "Qocunat" (worn) {rPois Regen+ rCorr}
   (You found it on level 6 of the Dungeon)

   It protects you from poison.
   It increases your rate of regeneration.
   It provides partial protection from all sources of acid and corrosion.
 J - the +0 pair of boots "Kireuq" (worn) {rN+ Dex+4}
   (You found it on level 13 of the Dungeon)

   It affects your dexterity (+4).
   It protects you from negative energy.
 W - the +5 ring mail "Iddaw" {rN+ Dex+3}
   (You found it on level 13 of the Dungeon)

   It affects your dexterity (+3).
   It protects you from negative energy.
Jewellery
 h - an amulet of the gourmand (around neck)
 p - the ring of Spontaneous Combustion (right hand) {rCorr rN+ Slay+5}
   (You found it in an ice cave)

   [ring of resist corrosion]

   It affects your accuracy and damage with ranged weapons and melee attacks
   (+5).
   It protects you from negative energy.
 r - a +4 ring of slaying (left hand)
 R - an uncursed ring of wizardry
Wands
 t - a wand of iceblast (9)
 y - a wand of flame (47)
 H - a wand of acid (9)
 M - a wand of digging (10)
 O - a wand of random effects (78)
Scrolls
 c - 8 scrolls of enchant armour
 i - 3 scrolls of identify
 j - 5 scrolls of blinking
 l - 4 scrolls of fog
 x - 8 scrolls of remove curse
 A - 5 scrolls of fear
 D - 14 scrolls of teleportation
 E - 7 scrolls of enchant weapon
 K - 5 scrolls of acquirement
 L - a scroll of silence
 N - a scroll of holy word
 Q - 3 scrolls of vulnerability
 U - 5 scrolls of magic mapping
 V - a scroll of summoning
 X - 2 scrolls of brand weapon
Potions
 g - 3 potions of might
 m - 5 potions of lignification
 n - 4 potions of agility
 q - 3 potions of flight
 s - a potion of berserk rage
 v - 2 potions of invisibility
 B - 4 potions of brilliance
 F - a potion of haste
 I - 2 potions of heal wounds
 P - 4 potions of curing
 S - a potion of magic
 T - a potion of ambrosia
 Z - 2 potions of cancellation
Comestibles
 f - 42 rations


   Skills:
 + Level 13.7 Fighting
 + Level 20.9 Polearms
 + Level 3.7 Crossbows
 + Level 2.0 Throwing
 + Level 5.9 Armour
 + Level 12.6 Dodging
 + Level 11.3 Stealth
 + Level 7.0 Spellcasting
 + Level 5.5 Hexes
 + Level 10.8 Charms
 + Level 2.2 Necromancy
 + Level 1.6 Translocations
 * Level 8.4 Invocations
 + Level 9.0 Evocations


You had 19 spell levels left.
You knew the following spells:

 Your Spells              Type           Power        Failure   Level  Hunger
a - Song of Slaying       Chrm           ###.....     1%          2    ##.....
b - Spectral Weapon       Hex/Chrm       ###.....     2%          3    ###....
c - Regeneration          Chrm/Necr      ##........   4%          3    ###....
d - Shroud of Golubria    Chrm/Tloc      ##........   2%          2    ##.....
e - Infusion              Chrm           ###.         1%          1    None

Your spell library contained the following spells:

 Spells                   Type           Power        Failure   Level  Hunger
 Confusing Touch          Hex            ##....       2%          1    None
 Tukima's Dance           Hex            ##......     8%          3    ###....
 Animate Skeleton         Necr           N/A          10%         1    None
 Apportation              Tloc           #.....       13%         1    None
 Sublimation of Blood     Necr           #.........   14%         2    ##.....
 Beastly Appendage        Tmut           #.....       24%         1    None
 Freeze                   Ice            #...         24%         1    None
 Magic Dart               Conj           #...         24%         1    None
 Summon Small Mammal      Summ           #...         24%         1    None
 Cause Fear               Hex            ##........   26%         4    ####...
 Sticks to Snakes         Tmut           #.......     36%         2    ##.....
 Throw Flame              Conj/Fire      #.....       36%         2    ##.....
 Ignite Poison            Fire/Tmut/Pois #.......     58%         3    ###....
 Spider Form              Tmut/Pois      #.........   58%         3    ###....
 Fulminant Prism          Conj/Hex       #.........   61%         4    ####...
 Leda's Liquefaction      Hex/Erth       #.........   61%         4    ####...
 Ice Form                 Ice/Tmut       #.......     94%         4    ####...
 Petrify                  Tmut/Erth      #.......     94%         4    ####...
 Darkness                 Hex            ##........   98%         6    #######
 Alistair's Intoxication  Tmut/Pois      #.......     100%        5    ######.
 Blade Hands              Tmut           #.........   100%        5    ######.
 Bolt of Magma            Conj/Fire/Erth #.........   100%        5    ######.
 Irradiate                Conj/Tmut      #.........   100%        5    ######.
 Lightning Bolt           Conj/Air       #.........   100%        5    ######.
 Bolt of Fire             Conj/Fire      #.........   100%        6    #######
 Iron Shot                Conj/Erth      #.........   100%        6    #######
 Simulacrum               Ice/Necr       #.........   100%        6    #######
 Statue Form              Tmut/Erth      #........    100%        6    #######
 Discord                  Hex            ##........   100%        8    #######
 Shatter                  Erth           #.........   100%        9    #######


Dungeon Overview and Level Annotations

Branches:
Dungeon (15/15)            Temple (0/1) D:6            Lair (6/6) D:8
  Swamp (0/4) Lair:4       Spider (4/4) Lair:3        Slime (0/5) Lair:5
    Orc (0/2) D:11         Vaults (0/5) D:14         Depths (0/5) D:15

Altars:
Cheibriados
Elyvilon
Fedhas
Gozag
Hepliaklqana
Kikubaaqudgha
Makhleb
Nemelex Xobeh
Okawaru
Qazlal
Trog
Uskayaw
Xom
Yredelemnul
The Shining One
Jiyva

Shops:
D:4 :(   D:6 }?(=*   D:14 *   D:15 (:[

Annotations:
D:4 exclusion: upstairs
D:6 1 runed translucent door, slayr's ghost, novice HOMo
Lair:5 1 runed translucent door, Ismib's ghost, journeyman MiFi
Spider:3 5 transporters


Innate Abilities, Weirdness & Mutations

You revert to your normal form in water You are very nimble and swift while swimming.
You are very stealthy in the water. (Stealth+)
You have a pair of small antennae on your head.
You tend to lose your temper in combat.
Your natural rate of healing is unusually fast.


Message History

You slash the spark wasp!
The spark wasp is heavily wounded.
The spark wasp stings you!!
* * * LOW HITPOINT WARNING * * *
The spark wasp shocks you!
* * * LOW HITPOINT WARNING * * *
Unknown command.
You miss the spark wasp.
The spark wasp is heavily wounded.
The spark wasp closely misses you.
Press: ? - help, Shift-Dir - straight line, f/p - spark wasp
Aim: a spark wasp (heavily wounded)
The orb of electricity explodes!
The orb of electricity engulfs the spark wasp.
The spark wasp completely resists.
The spark wasp is heavily wounded.
The orb of electricity engulfs you!
* * * LOW HITPOINT WARNING * * *
The spark wasp closely misses you. The spark wasp stings you!
You die...

.#.#.#.#^#^^#...(..#
..###...^.###..#...##
..#.##.##.#.#......^#
....#.#..#..^......##
........###[..#^..##
..(.....# #####..##
#.###..## #^..# ###
##.# ##..# ### ##y@##
### ##....###.####
#^........#..##
#..#......#...#
#^[#...#....^####
###..#..#..(###^##
##.#....#.^#...#
##....#^#^....##
#####....^##......#


You could see a spark wasp.

Vanquished Creatures
  Arachne (Spider:3)
  Kirke (Spider:2)
  2 emperor scorpions (Spider:4)
  5 ghost moths (Spider:4)
  6 entropy weavers
  3 spark wasps
  Azrael (D:15)
  A minotaur (Gauntlet)
  8 vault guards (D:14)
  Erolcha (D:9)
  14 hydras
  2 ice dragons (D:15)
  4 ghost crabs (Lair:5)
  5 centaur warriors
  3 catoblepae (Lair:6)
  5 two-headed ogres
  5 death yaks (Lair:6)
  4 tengu warriors
  A queen ant (Lair:3)
  A deep troll earth mage (D:13)
  Sonja (Lair:1)
  6 fire crabs (Lair:5)
  2 unseen horrors
  A sea snake (shapeshifter) (Gauntlet)
  A wizard (D:14)
  A flayed ghost (D:13)
  12 orb spiders
  An orc knight (D:13)
  9 ugly things
  A deep elf mage (D:12)
  4 manticores
  2 cyclopes
  35 wolf spiders
  A moth of wrath (Spider:4)
  4 ice statues
  8 elephants
  3 black mambas
  An apocalypse crab (Lair:5)
  2 gargoyles
  A torpor snail (shapeshifter) (D:13)
  4 torpor snails
  Psyche (D:10)
  9 spiny frogs
  3 rime drakes
  An efreet (D:14)
  4 demonic crawlers
  2 ice devils (Lair:3)
  A tengu conjurer (D:13)
  8 komodo dragons
  27 jumping spiders
  A queen bee (Gauntlet)
  9 hornets
  A troll (D:14)
  2 bog bodies (Lair:4)
  8 slime creatures
  5 hippogriffs
  19 blink frogs
  49 redbacks
  A redback (shapeshifter) (Gauntlet)
  A shadow (D:13)
  2 wyverns
  A centaur simulacrum (D:12)
  48 yaks
  22 tarantellas
  A wraith (D:15)
  4 fire elementals
  2 hogs (Spider:2)
  A chaos spawn (Gauntlet)
  3 basilisks
  3 hungry ghosts
  A steam dragon (D:14)
  A neqoxec (Gauntlet)
  15 soldier ants
  3 wargs (D:8)
  An acid dragon (D:13)
  Duvessa (D:7)
  9 water moccasins
  3 hell hounds
  8 porcupines
  5 orc warriors
  5 sky beasts
  13 ice beasts
  A phantom (D:4)
  An eye of draining (D:12)
  4 ogres
  A necrophage (D:10)
  10 wolves
  13 centaurs
  7 crocodiles
  5 big kobolds (D:6)
  19 bullfrogs
  Dowan (D:7)
  4 scorpions
  14 killer bees
  10 wights
  An electric eel (Lair:6)
  2 crimson imps
  A howler monkey (D:13)
  A bullfrog zombie (D:6)
  3 centaur zombies
  6 hounds
  6 centaur skeletons
  8 orc priests
  8 jellies
  3 bullfrog skeletons
  5 iguanas
  16 orc wizards
  9 hell rats (Lair:4)
  35 worker ants
  2 hound zombies
  3 hound skeletons
  6 gnolls
  11 adders
  11 river rats (Lair:4)
  3 shadow imps
  An ufetubus (D:13)
  7 oozes
  An adder zombie (D:5)
  An adder skeleton (D:8)
  4 worms
  2 dart slugs
  4 leopard geckos
  66 orcs
  A ball python (D:3)
  6 giant cockroaches
  6 goblins
  10 hobgoblins
  7 jackals
  11 kobolds
  6 quokkas
  10 bats
  7 frilled lizards
  A leopard gecko skeleton (D:4)
  2 quokka skeletons
  8 rats
868 creatures vanquished.

Vanquished Creatures (others)
  A human (Spider:2)
  6 fungi
  2 plants
  42 spectral weapons
  8 toadstools (D:6)
59 creatures vanquished.

Grand Total: 927 creatures vanquished

Notes
Turn   | Place    | Note
-------+----------+-------------------------------------------
     0 | D:1      | doot the Merfolk Gladiator began the quest for the Orb.
     0 | D:1      | Reached XP level 1. HP: 16/16 MP: 1/1
   182 | D:1      | Reached XP level 2. HP: 22/22 MP: 2/2
   203 | D:1      | Reached skill level 5 in Polearms
   754 | D:2      | Reached XP level 3. HP: 28/28 MP: 3/3
   757 | D:2      | Found a faded altar of an unknown god.
   769 | D:2      | Became a worshipper of Makhleb the Destroyer
   769 | D:2      | Reached * piety under Makhleb
   934 | D:2      | Found a burning altar of Makhleb.
   934 | D:2      | Found a shimmering altar of Xom.
  1115 | D:2      | Reached XP level 4. HP: 25/34 MP: 4/4
  1438 | D:2      | Reached ** piety under Makhleb
  1443 | D:2      | Found a snail-covered altar of Cheibriados.
  1516 | D:2      | Found a hide-covered altar of Uskayaw.
  1612 | D:3      | Reached skill level 6 in Polearms
  2104 | D:3      | Reached XP level 5. HP: 41/41 MP: 5/5
  2120 | D:3      | Found a sparkling altar of Nemelex Xobeh.
  2122 | D:3      | Reached skill level 1 in Stealth
  2540 | D:4      | Reached skill level 7 in Polearms
  2540 | D:4      | Reached skill level 1 in Armour
  2541 | D:4      | Reached *** piety under Makhleb
  2771 | D:4      | Got a warped ring mail
  2782 | D:4      | Identified the +4 ring mail of Midwinter {rN++} (You found
                  | it on level 4 of the Dungeon)
  2965 | D:4      | Found Vibuok's Book Emporium.
  3105 | D:4      | Found a glowing golden altar of the Shining One.
  3116 | D:4      | Reached XP level 6. HP: 46/47 MP: 6/6
  3237 | D:4      | Reached skill level 8 in Polearms
  3237 | D:4      | Reached skill level 5 in Dodging
  3309 | D:4      | Reached XP level 7. HP: 50/52 MP: 7/7
  3326 | D:4      | Found Xusaam's Antique Weapon Shoppe.
  3335 | D:4      | Bought a scorched spear for 184 gold pieces
  3335 | D:4      | Identified the cursed +3 spear "Beetlebane" {freeze, rElec
                  | rN+} (You bought it in a shop on level 4 of the Dungeon)
  3504 | D:4      | Reached skill level 9 in Polearms
  3684 | D:4      | Got a jewelled halberd
  3697 | D:4      | Identified the +11 halberd of Ashenzari's Regard {drain,
                  | rF- rC++ MR+++ SInv} (You found it on level 4 of the
                  | Dungeon)
  3740 | D:5      | Entered Level 5 of the Dungeon
  3745 | D:5      | Found a blossoming altar of Fedhas.
  3892 | D:5      | Reached skill level 10 in Polearms
  3940 | D:5      | Reached XP level 8. HP: 60/60 MP: 8/8
  4020 | D:5      | Found an ancient bone altar of Kikubaaqudgha.
  4617 | D:6      | Reached skill level 11 in Polearms
  4619 | D:6      | Noticed a two-headed ogre
  4633 | D:6      | Killed a two-headed ogre
  4633 | D:6      | Reached skill level 5 in Fighting
  4633 | D:6      | Reached skill level 12 in Polearms
  4633 | D:6      | Reached XP level 9. HP: 68/68 MP: 9/9
  4651 | D:6      | Found Sazuaprif's Antique Weapon Shoppe.
  4678 | D:6      | Found Cuokk's Jewellery Shop.
  4686 | D:6      | Reached **** piety under Makhleb
  4695 | D:6      | Found Odeuc's General Store.
  4781 | D:6      | Found a sparkling altar of Nemelex Xobeh.
  4809 | D:6      | Found a runed translucent door.
  4812 | D:6      | Noticed slayr's ghost (novice HOMo)
  4843 | D:6      | Reached skill level 13 in Polearms
  4917 | D:6      | Reached skill level 14 in Polearms
  4929 | D:6      | Got a shimmering leather armour
  4940 | D:6      | Identified the cursed +1 leather armour "Qocunat" {rPois
                  | Regen+ rCorr} (You found it on level 6 of the Dungeon)
  4978 | D:6      | Found Yfocha's Gadget Shop.
  5002 | D:6      | Found a staircase to the Ecumenical Temple.
  5058 | D:6      | Found a basalt altar of Yredelemnul.
  5058 | D:6      | Found an opulent altar of Gozag.
  5120 | D:6      | Found Roemitu's Magic Scroll Emporium.
  5308 | D:7      | Reached XP level 10. HP: 77/77 MP: 10/10
  5681 | D:7      | Noticed Duvessa
  5681 | D:7      | Noticed Dowan
  5697 | D:7      | Killed Duvessa
  5698 | D:7      | Killed Dowan
  5863 | D:8      | Identified a scroll of acquirement
  5910 | D:8      | Found a stormy altar of Qazlal.
  5961 | D:8      | Found a hazy altar of Hepliaklqana.
  5964 | D:8      | Reached skill level 15 in Polearms
  6122 | D:8      | Reached ***** piety under Makhleb
  6201 | D:8      | Found a staircase to the Lair.
  6393 | D:9      | Found an iron altar of Okawaru.
  6458 | D:9      | Found a white marble altar of Elyvilon.
  6503 | D:9      | Noticed Erolcha
  6507 | D:9      | Noticed an ice statue
  6519 | D:9      | Killed Erolcha
  6519 | D:9      | Reached skill level 16 in Polearms
  6662 | D:9      | Killed an ice statue
  6871 | D:9      | Reached skill level 5 in Stealth
  7117 | D:10     | Entered Level 10 of the Dungeon
  7117 | D:10     | Noticed a two-headed ogre
  7121 | D:10     | Reached XP level 11. HP: 86/86 MP: 11/11
  7124 | D:10     | Killed a two-headed ogre
  7131 | D:10     | Noticed a two-headed ogre
  7147 | D:10     | Killed a two-headed ogre
  7346 | D:10     | Reached skill level 17 in Polearms
  7437 | D:10     | Noticed Psyche
  7469 | D:10     | Killed Psyche
  7658 | D:11     | Noticed a tengu warrior
  7663 | D:11     | Killed a tengu warrior
  8234 | D:11     | Noticed an unseen horror
  8250 | D:11     | Noticed a purple ugly thing
  8257 | D:11     | Killed an unseen horror
  8262 | D:11     | Killed a purple ugly thing
  8263 | D:11     | Found a staircase to the Orcish Mines.
  9029 | D:4      | Bought a book of Battle for 480 gold pieces
  9032 | D:4      | Learned a level 2 spell: Song of Slaying
  9180 | Lair:1   | Entered Level 1 of the Lair of Beasts
  9198 | Lair:1   | Reached skill level 1 in Charms
  9305 | Lair:1   | Noticed a seven-headed hydra
  9344 | Lair:1   | Learned a level 3 spell: Spectral Weapon
  9348 | Lair:1   | Learned a level 3 spell: Regeneration
  9351 | Lair:1   | Learned a level 2 spell: Shroud of Golubria
  9471 | Lair:1   | Reached skill level 1 in Evocations
  9593 | Lair:2   | Reached XP level 12. HP: 97/97 MP: 13/13
  9699 | Lair:2   | Reached skill level 1 in Hexes
  9758 | Lair:2   | Reached skill level 10 in Fighting
  9762 | Lair:2   | Reached ****** piety under Makhleb
  9931 | Lair:2   | Noticed a four-headed hydra
 10034 | Lair:3   | Reached skill level 18 in Polearms
 10113 | Lair:3   | Noticed a queen ant
 10136 | Lair:3   | Killed a queen ant
 10253 | Lair:3   | Found a frozen archway.
 10275 | IceCv    | Entered an ice cave
 10292 | IceCv    | Reached skill level 1 in Spellcasting
 10393 | IceCv    | Reached XP level 13. HP: 102/104 MP: 12/15
 10494 | IceCv    | Got an ancient bone ring
 10509 | IceCv    | Identified the ring of Spontaneous Combustion {rCorr rN+
                  | Slay+5} (You found it in an ice cave)
 10755 | Lair:3   | Found a hole to the Spider Nest.
 10853 | Lair:3   | Reached skill level 5 in Charms
 11160 | Lair:4   | Reached skill level 10 in Dodging
 11358 | Lair:4   | Found a staircase to the Swamp.
 11368 | Lair:4   | Reached skill level 5 in Evocations
 11515 | Lair:4   | Learned a level 1 spell: Infusion
 11626 | Lair:4   | Reached skill level 19 in Polearms
 12930 | D:13     | Reached XP level 14. HP: 113/113 MP: 13/19
 13476 | D:13     | Got a heavily runed ring mail
 13487 | D:13     | Identified the +5 ring mail "Iddaw" {rN+ Dex+3} (You found
                  | it on level 13 of the Dungeon)
 13578 | D:13     | Got a pair of polished boots
 13584 | D:13     | Identified the cursed +0 pair of boots "Kireuq" {rN+ Dex+4}
                  | (You found it on level 13 of the Dungeon)
 13801 | D:13     | Identified the Compendium of the Fetching Snowflakes
 13814 | D:13     | Identified the +4 arbalest of the Asp {elec, +Inv rC-
                  | Dex+2} (You found it on level 13 of the Dungeon)
 14020 | D:14     | Found a gate to the Vaults.
 14332 | D:14     | Found Zarhiwn's General Store.
 14387 | D:14     | Reached skill level 1 in Translocations
 14387 | D:14     | Reached XP level 15. HP: 120/120 MP: 11/22
 14413 | D:14     | Bought a potion of heal wounds for 75 gold pieces
 14455 | D:14     | Found a bloodstained altar of Trog.
 14767 | D:15     | Entered Level 15 of the Dungeon
 14785 | D:15     | Noticed Azrael
 14977 | D:15     | Killed Azrael
 15232 | D:15     | Found a staircase to the Depths.
 15235 | D:15     | Reached skill level 10 in Stealth
 15235 | D:15     | Reached skill level 5 in Spellcasting
 15247 | D:15     | Reached skill level 5 in Armour
 15348 | D:15     | Found Saako's Antique Weapon Shoppe.
 15357 | D:15     | Bought a dazzling glaive for 299 gold pieces
 15357 | D:15     | Identified the +8 glaive of Foul Odors {chop, rF+ rC+} (You
                  | bought it in a shop on level 15 of the Dungeon)
 15362 | D:15     | Found Ifut Tosk's Book Shop.
 15369 | D:15     | Found Mavuat's Armour Shoppe.
 15898 | Lair:1   | Noticed Sonja
 15912 | Lair:1   | Killed Sonja
 16739 | Lair:5   | Found a viscous altar of Jiyva.
 16742 | Lair:5   | Found a staircase to the Slime Pits.
 16780 | Lair:5   | Found a runed translucent door.
 16781 | Lair:5   | Noticed Ismib's ghost (journeyman MiFi)
 16784 | Lair:5   | Found a gate leading to a gauntlet.
 16791 | Gauntlet | Entered a Gauntlet
 16791 | Gauntlet | Found a transporter.
 16791 | Gauntlet | Found a transporter.
 16791 | Gauntlet | Found a transporter.
 16791 | Gauntlet | Found a transporter.
 16795 | Gauntlet | Found a transporter.
 16810 | Gauntlet | Found a transporter.
 16815 | Gauntlet | Found a transporter.
 16875 | Gauntlet | Found a transporter.
 16895 | Gauntlet | Found a transporter.
 16900 | Gauntlet | Found a transporter.
 16910 | Gauntlet | Found a transporter.
 16925 | Gauntlet | Found a transporter.
 17408 | Gauntlet | Identified Suin's Handbook of the Oath
 17426 | Gauntlet | Identified Sif Muna's Papyrus of Conjuration
 18009 | Lair:5   | Found a runed translucent door.
 18325 | Lair:5   | Reached skill level 20 in Polearms
 18418 | Lair:5   | Reached skill level 1 in Invocations
 19002 | Lair:5   | Reached skill level 1 in Necromancy
 19145 | Lair:6   | Entered Level 6 of the Lair of Beasts
 19561 | Lair:6   | Reached XP level 16. HP: 129/129 MP: 20/24
 19966 | Lair:6   | Identified the +2 buckler of Impermeability {rF+ Str+5}
                  | (You found it on level 6 of the Lair of Beasts)
 20005 | Lair:6   | Reached skill level 10 in Charms
 20145 | Lair:6   | Gained mutation: You have a pair of small antennae on your
                  | head. [potion of mutation]
 20145 | Lair:6   | Gained mutation: You tend to lose your temper in combat.
                  | [potion of mutation]
 20145 | Lair:6   | Gained mutation: Your natural rate of healing is unusually
                  | fast. [potion of mutation]
 20781 | Spider:1 | Entered Level 1 of the Spider Nest
 20978 | Spider:1 | Reached skill level 5 in Hexes
 20981 | Spider:1 | Reached skill level 5 in Invocations
 21173 | Spider:1 | Reached skill level 1 in Crossbows
 22210 | Spider:2 | Noticed Kirke
 22229 | Spider:2 | Killed Kirke
 22702 | Spider:3 | Noticed Arachne
 22715 | Spider:3 | Killed Arachne
 23081 | Spider:3 | Found a transporter.
 23086 | Spider:3 | Found a transporter.
 23108 | Spider:3 | Found a transporter.
 23391 | Spider:3 | Found a transporter.
 23391 | Spider:3 | Found a transporter.
 23589 | Spider:3 | Reached XP level 17. HP: 137/137 MP: 26/26
 23982 | Spider:4 | Entered Level 4 of the Spider Nest
 24411 | Spider:4 | Got a pair of twisted gloves
 24417 | Spider:4 | Identified the cursed -4 pair of gloves of Rot Ron {rC+
                  | MR+} (You found it on level 4 of the Spider Nest)
 25317 | Spider:4 | Got a gossamer rune of Zot
 25634 | Spider:4 | Mangled by a spark wasp

Skill      XL: |  1  2  3  4  5  6  7  8  9 10 11 12 13 14 15 16 17 |
---------------+----------------------------------------------------+-----
Polearms       | 5 6 7 8 10 12 14 16 17 18 19 20 | 20.9
Fighting       | 3 4 5 6 8 9 10 11 12 13 | 13.7
Stealth        | 1 2 3 5 8 9 10 11 | 11.3
Armour         | 1 2 3 4 5 |  5.9
Dodging        | 5 6 7 8 9 10 11 12 | 12.6
Charms         | 1 4 6 8 9 10 | 10.8
Evocations     | 1 3 6 7 9 |  9.0
Hexes          | 1 2 3 4 5 |  5.5
Spellcasting   | 1 3 4 5 6 7 |  7.0
Translocations | 1 |  1.6
Invocations    | 3 6 8 |  8.4
Necromancy     | 1 2 |  2.2
Crossbows      | 3 |  3.7
Throwing       | |  2.0

Action                   |  1- 3 |  4- 6 |  7- 9 | 10-12 | 13-15 | 16-18 || total
-------------------------+-------+-------+-------+-------+-------+-------++-------
Melee: Trident           |   128 |   164 |       |       |       |       ||   292
       Spear             |       |    28 |    18 |    42 |    63 |     9 ||   160
       Halberd           |       |       |   115 |   446 |   465 |    44 ||  1070
       Glaive            |       |       |       |       |   182 |   369 ||   551
       Tailslap          |       |       |       |       |       |    16 ||    16
 Fire: Arbalest          |       |       |       |       |       |    90 ||    90
Throw: Throwing net      |       |       |       |     1 |       |       ||     1
 Cast: Spectral Weapon   |       |       |       |     6 |    60 |    41 ||   107
       Shroud of Golubri |       |       |       |     1 |    22 |     4 ||    27
       Song of Slaying   |       |       |       |     1 |     5 |     1 ||     7
       Regeneration      |       |       |       |       |    20 |    19 ||    39
       Infusion          |       |       |       |       |     6 |       ||     6
Invok: Major Destruction |       |       |       |       |       |     1 ||     1
Evoke: Wand              |       |       |       |     2 |       |       ||     2
  Use: Scroll            |       |       |    12 |     9 |    17 |     5 ||    43
       Potion            |       |       |       |     1 |     2 |     2 ||     5
 Stab: Sleeping          |     3 |     3 |       |    24 |    21 |     7 ||    58
       Distracted        |       |     1 |       |     2 |     7 |     8 ||    18
       Petrified         |       |       |       |       |       |     2 ||     2
  Eat: Chunk             |     1 |     7 |     2 |    32 |    35 |    19 ||    96
       Ration            |       |       |     1 |     1 |     3 |     1 ||     6
Armor: Leather armour    |    18 |    24 |     2 |    64 |    45 |    50 ||   203
       Ring mail         |       |     9 |    25 |       |    89 |    11 ||   134
       Skin              |       |       |       |     3 |       |       ||     3
Dodge: Dodged            |    70 |    97 |    39 |   223 |   485 |   452 ||  1366
